 Dungeon Crawl Stone Soup version 0.30.1-4-g462c640d31 (webtiles) character file.

Game seed: 8444597246775991718

159 snarfax the Chopper (level 5, -4/45 HPs)
             Began as a Hill Orc Fighter on Sept 12, 2023.
             Killed by divine providence
             ... invoked by an orc priest
              (11 damage)
             ... on level 3 of the Dungeon.
             The game lasted 00:04:32 (1836 turns).

snarfax the Chopper (Hill Orc Fighter)              Turns: 1836, Time: 00:04:34

Health: -4/45      AC: 10    Str: 21    XL:     5   Next: 40%
Magic:  5/5        EV:  9    Int:  8    God:
Gold:   105        SH:  0    Dex: 10    Spells: 4/4 levels left

rFire   . . .        a - +1 war axe (heavy)
rCold   . . .        c - +1 buckler
rNeg    . . .        b - +0 scale mail
rPois   .            (no helmet)
rElec   .            (no cloak)
rCorr   .            (no gloves)
SInv    .            f - +2 pair of boots
Will    .....        (no amulet) Stlth
                     (no ring)
HPRegen 0.27/turn    (no ring)
MPRegen 0.09/turn

%: no passive effects
@: confused
A: no striking features
a: Convert to Beogh


You were on level 3 of the Dungeon.
You visited 1 branch of the dungeon, and saw 3 of its levels.

You collected 105 gold pieces.

Inventory:

Hand Weapons
 a - a +1 heavy war axe (weapon)
Missiles
 l - 3 poisoned darts (quivered)
 o - 2 javelins
Armour
 b - a +0 scale mail (worn)
 c - a +1 buckler (worn)
 f - a +2 pair of boots (worn)
Scrolls
 h - a scroll of magic mapping {unknown}
 i - 3 scrolls of teleportation
 n - 3 scrolls of identify
Potions
 d - a potion of might
 e - a potion of magic
 g - 2 potions of haste
 j - 2 potions of heal wounds
 k - a potion of lignification {unknown}
 m - 2 potions of flight


   Skills:
 - Level 3.6 Fighting
 * Level 5.6 Axes
 - Level 3.2 Armour
 - Level 5.0 Shields


You had 4 spell levels left.
You didn't know any spells.
Your spell library contained the following spells:

 Spells                   Type           Power      Damage    Failure   Level
 Kiss of Death            Conj/Necr      0%         2d5       82%         1
 Confusing Touch          Hex            0%         N/A       99%         3
 Portal Projectile        Hex/Tloc       0%         N/A       99%         3
 Tukima's Dance           Hex            0%         N/A       99%         3
 Dispel Undead            Necr           0%         3d6       100%        4
 Blade Hands              Tmut           0%         N/A       100%        5


Dungeon Overview and Level Annotations

Branches:
Dungeon (3/15)

Altars:
Ashenzari
Kikubaaqudgha

Shops:
D:2 ?


Message History

An orc wizard comes into view. It is wielding a +0 dagger.
You block the orc's attack. x2
The orc priest calls upon Beogh to heal the orc wizard.
The orc wizard is healed somewhat.
The orc wizard shouts!
You barely miss the orc.
The orc priest threatens, "By the altar or by the axe, you will meet Beogh!"
The orc wizard gestures wildly while chanting.
The orc wizard flickers and vanishes!
Deactivating autopickup; reactivate with Ctrl-A.
The orc hits you but does no damage. The orc barely misses you.
You slash the orc!
You kill the orc!
The orc priest mumbles some strange prayers to Beogh against you.
Beogh smites you!
You barely miss something. Something hits you but does no damage.
The orc priest looks braver for a moment.
You block something's attack.
You slash something!
Reactivating autopickup.
You feel a bit more experienced.
The orc priest mumbles some strange prayers to Beogh against you.
Pain shoots through your body!
The orc wizard points at you and mumbles some strange words.
You are confused.
You miss the orc priest.
The orc priest invokes the aid of Beogh against you.
Pain shoots through your body!
* * * LOW HITPOINT WARNING * * *
The orc priest hits you with a +0 falchion.
* * * LOW HITPOINT WARNING * * *
You bump into the rock wall.
You miss the orc priest. You closely miss the orc wizard.
You feel less confused.
The orc priest hits you but does no damage.
The orc wizard gestures at you while chanting.
You are confused.
The orc priest calls down the wrath of Beogh upon you.
Beogh smites you!
You die...

#.####.# #####.##### #......#
#(........# #..#####
#.#.####.#... ##.#
##########.#.#...###.. #.#
#....[..........#.#..# #.#
##.########.#.#..##.#.#
#.###...#######.#.#..##.#.#
#.##.....##.##....#..##.#.#
#........oo@......#..##.#†#
##.##.....##o##...##..##.#.##
.........#######.............
........#.## #####.#####...
..........#.# #.# ####
..........o.# #.#
..........### #.# ###
........o.# #.# ##.# .....
#.# ##.#.


You could see an orc priest, an orc wizard and an orc.

Vanquished Creatures
  Terence (D:3)
  An orc wizard (D:3)
  2 adders
  5 worms
  2 dart slugs
  An orc (D:3)
  2 ball pythons
  6 bats (D:1)
  7 endoplasms
  4 giant cockroaches (D:1)
  5 goblins
  6 hobgoblins
  3 jackals (D:1)
  4 quokkas
  5 frilled lizards
  6 kobolds
  6 rats
66 creatures vanquished.

Notes
Turn   | Place    | Note
-------+----------+-------------------------------------------
     0 | D:1      | snarfax the Hill Orc Fighter began the quest for the Orb.
     0 | D:1      | Reached XP level 1. HP: 19/19 MP: 1/1
    88 | D:1      | Reached XP level 2. HP: 18/26 MP: 2/2
   397 | D:1      | Reached XP level 3. HP: 17/23 MP: 3/3
  1036 | D:2      | Identified the +0 short sword "Waseno" {venom, +Blink rF+
                  | Str+4}
  1107 | D:2      | Reached XP level 4. HP: 35/35 MP: 4/4
  1338 | D:2      | Found Deplaets's Magic Scroll Boutique.
  1506 | D:3      | Found an ancient bone altar of Kikubaaqudgha.
  1581 | D:3      | Found a broken altar of Ashenzari.
  1633 | D:3      | Noticed Terence
  1639 | D:3      | Killed Terence
  1640 | D:3      | Reached skill level 5 in Axes
  1640 | D:3      | Reached XP level 5. HP: 45/45 MP: 5/5
  1797 | D:3      | Reached skill level 5 in Shields
  1836 | D:3      | Killed from afar by an orc priest

Illustrated notes

Levels and vault maps discovered:
D:1:      saegor_arrival_simple_e, layout_loops_cross
D:2:      layout_basic, serial_shops, nicolae_shop_window_shopping,
          minmay_3d_cube
D:3:      layout_loops_ring, mainiacjoe_overflow_24_doors, lemuel_tele_altar,
          grunt_ministairs_14, uniq_terence

Skill      XL: |  1  2  3  4  5 |
---------------+----------------+-----
Axes           | 3 4 5 |  5.6
Shields        | 4 5 |  5.0
Fighting       | |  3.6
Armour         | |  3.2

Action                     |  1- 3 |  4- 6 || total
---------------------------+-------+-------++-------
  Melee: War axe           |    92 |    60 ||   152
  Throw: Dart              |       |     3 ||     3
    Use: Scroll            |     5 |     4 ||     9
 Armour: Scale mail        |    60 |    35 ||    95
  Dodge: Dodged            |    61 |    27 ||    88
  Block: Buckler           |    24 |    18 ||    42
